 Dungeon Crawl Stone Soup version 0.25-a0-1137-g7f6bfe439b (webtiles) character file.

Game seed: 1611779941852792611, levelgen mode: deterministic

81 MisterFreud the Skirmisher (level 4, -4/33 HPs)
             Began as an Octopode Gladiator on May 23, 2020.
             Slain by Sigmund
             ... wielding a +0 scythe
              (10 damage)
             ... on level 2 of the Dungeon.
             The game lasted 00:01:50 (1291 turns).

MisterFreud the Skirmisher (Octopode Gladiator)     Turns: 1291, Time: 00:01:51

Health: -4/33      AC:  1    Str: 13    XL:     4   Next: 42%
Magic:  4/4        EV: 14    Int: 11    God:
Gold:   80         SH:  0    Dex: 13    Spells: 3/3 levels left

rFire    . . .     SeeInvis .   a - +0 long sword
rCold    . . .     Gourm    .   (no shield)
rNeg     . . .     Faith    .   b - +0 hat
rPois    .         Spirit   .   (no amulet)
rElec    .         Reflect  .   (no ring)
rCorr    .         Harm     .   (no ring)
MR       .....                  (no ring)
Stlth    ++........             (no ring)
HPRegen  0.11/turn              (no ring)
MPRegen  0.09/turn              (no ring)
                                (no ring)
                                (no ring)

@: flying
A: almost no armour, stealthy swim, amphibious, 8 rings, constrict 8, camouflage
1, gelatinous body 1
a: no special abilities


You were on level 2 of the Dungeon.
You were not hungry.

You visited 1 branch of the dungeon, and saw 2 of its levels.

You collected 80 gold pieces.

Inventory:

Hand Weapons
 a - a +0 long sword (weapon)
Missiles
 c - 3 throwing nets (quivered)
Armour
 b - a +0 hat (worn)
Scrolls
 g - 2 scrolls of teleportation {unknown}
 i - 2 scrolls of identify {unknown}
 j - a scroll of enchant armour {unknown}
 k - a scroll of remove curse {unknown}
Potions
 e - 2 potions of haste {unknown}
 h - a potion of flight
Comestibles
 d - 3 rations
 f - 9 chunks of flesh


   Skills:
 - Level 4.0 Fighting
 + Level 3.7 Long Blades
 - Level 2.0 Throwing
 - Level 3.0 Dodging


You had 3 spell levels left.
You didn't know any spells.
Your spell library was empty.

Dungeon Overview and Level Annotations

Branches:
Dungeon (2/15)

Altars:

Annotations:
D:2 Sigmund


Innate Abilities, Weirdness & Mutations

You cannot wear most types of armour.
You are very stealthy in the water. (Stealth+)
You are amphibious.
You can wear up to eight rings at the same time.
You can use your tentacles to constrict eight enemies at once.
Your skin changes colour to match your surroundings (Stealth+).
Your rubbery body absorbs attacks. (AC +1, EV +1)


Message History

You bump into the rock wall.
Sigmund hits you from afar with a +0 scythe!
You bump into the rock wall.
Sigmund barely misses you.
You bump into the rock wall.
You feel less confused.
You see here 21 arrows.
Sigmund barely misses you.
You closely miss Sigmund. You grab Sigmund. You constrict Sigmund.
Sigmund points at you and mumbles some strange words.
The magic dart hits you!
You hit Sigmund.
Sigmund is moderately wounded.
You constrict Sigmund. Sigmund hits you with a +0 scythe!
* * * LOW HITPOINT WARNING * * *
Unknown command.
It was a potion of flight.
You feel very buoyant.
You fly up into the air.
You constrict Sigmund. Sigmund hits you with a +0 scythe!
You die...

# #.# #.# #.# ## #.#
##)## #. #.#
#.)[######. #.#
#........#.
#.##.......####...
#.########.# #...
#@#### #.# ##>.
#@##.. ..# ###
#(##.# ### #. #.##.#
#. #.##.# #.
####.##.# ##
#.......### #
#.#.#.#.#.## #######
#..........# #.....#
#.#.#.#.#.####.....#


You could see Sigmund.

Vanquished Creatures
  A hound (D:2)
  An adder (D:2)
  An ooze (D:2)
  A dart slug (D:1)
  2 leopard geckos (D:1)
  2 giant cockroaches (D:1)
  2 goblins
  3 hobgoblins
  6 jackals
  A ball python (D:1)
  3 bats
  2 frilled lizards
  3 kobolds
  4 rats
32 creatures vanquished.

Notes
Turn   | Place    | Note
-------+----------+-------------------------------------------
     0 | D:1      | MisterFreud the Octopode Gladiator began the quest for the
                  | Orb.
     0 | D:1      | Reached XP level 1. HP: 14/14 MP: 1/1
    60 | D:1      | Reached XP level 2. HP: 12/20 MP: 2/2
   327 | D:1      | Reached skill level 3 in Fighting
  1012 | D:2      | Reached XP level 3. HP: 25/26 MP: 3/3
  1224 | D:2      | Reached skill level 4 in Fighting
  1224 | D:2      | Reached XP level 4. HP: 33/33 MP: 4/4
  1278 | D:2      | Noticed Sigmund
  1291 | D:2      | Slain by Sigmund

Illustrated notes

Levels and vault maps discovered:
D:1:      lightli_arrival_boilingwater, layout_loops_corners
D:2:      layout_loops_ring, st_stairs_9, uniq_sigmund

Skill      XL: |  1  2  3 |
---------------+----------+-----
Fighting       | 3 4 |  4.0
Long Blades    | |  3.7
Throwing       | |  2.0
Dodging        | |  3.0

Action                   |  1- 3 |  4- 6 || total
-------------------------+-------+-------++-------
Melee: Long sword        |    40 |    13 ||    53
       Tentacles         |    10 |     1 ||    11
       Constrict         |     9 |     3 ||    12
  Use: Potion            |       |     1 ||     1
 Stab: Sleeping          |     5 |       ||     5
  Eat: Chunk             |     1 |       ||     1
Armor: Skin              |     4 |     2 ||     6
Dodge: Dodged            |    25 |    11 ||    36
       Rpst.: Long sword |     9 |     5 ||    14

Table legend:
 A = Non-vault XP
 B = Vault XP
 C = Vault XP percentage of total XP
 D = Non-vault monster count
 E = Vault monster count
 F = Vault count percentage of total count
                 A         B        C        D         E       F
            +---------+---------+-------+---------+---------+-------
      Total |      58 |      59 |  50.4 |      29 |       3 |   9.4
            +---------+---------+-------+---------+---------+-------
        D:1 |      33 |       0 |   0.0 |      18 |       0 |   0.0
        D:2 |      25 |      59 |  70.2 |      11 |       3 |  21.4
            +---------+---------+-------+---------+---------+-------
